 Dungeon Crawl Stone Soup version 0.29.0-15-g675c0067aa (webtiles) character file.

Game seed: 14170431628670716921

693 greasedhog the Cudgeller (level 7, 0/44 HPs)
             Began as a Gargoyle Wanderer on Sept 11, 2022.
             Was an Initiate of Qazlal.
             Slain by an ogre
             ... wielding a +0 giant club
              (3 damage)
             ... on level 4 of the Dungeon.
             The game lasted 00:07:15 (5521 turns).

greasedhog the Cudgeller (Gargoyle Wanderer)        Turns: 5521, Time: 00:07:15

Health: 0/44       AC: 18    Str: 16    XL:     7   Next: 64%
Magic:  8/8        EV:  4    Int: 15    God:    Qazlal [......]
Gold:   185        SH:  3    Dex:  8    Spells: 7/8 levels left

rFire   . . .      SeeInvis .   a - +2 mace
rCold   . . .      Faith    .   b - +0 buckler
rNeg    + . .      Spirit   .   l - +0 plate armour
rPois   ∞          Reflect  .   (no helmet)
rElec   +          Harm     .   f - +0 cloak
rCorr   .          Rampage  .   h - +0 pair of gloves
Will    .....                   (no boots)
Stlth   ..........              (no amulet)
HPRegen 0.14/turn               (no ring)
MPRegen 0.11/turn               (no ring)

@: no status effects
A: sickness immunity, AC +4, negative energy resistance 1, electricity
resistance, torment resistance 1, petrification resistance
a: Renounce Religion


You were on level 4 of the Dungeon.
You worshipped Qazlal.
Qazlal was noncommittal.
You visited 1 branch of the dungeon, and saw 4 of its levels.

You collected 185 gold pieces.

Inventory:

Hand Weapons
 a - a +2 mace (weapon)
Armour
 b - a +0 buckler (worn)
 f - a +0 cloak (worn)
 h - a +0 pair of gloves (worn)
 l - a +0 plate armour (worn)
Scrolls
 d - a scroll of magic mapping
 e - 2 scrolls of immolation {unknown}
 g - 5 scrolls of teleportation
 i - a scroll of enchant armour {unknown}
 j - a scroll of blinking
Potions
 c - 2 potions of brilliance
 m - a potion of berserk rage {unknown}
 n - 2 potions of ambrosia {unknown}


   Skills:
 - Level 5.2 Fighting
 * Level 7.0 Maces & Flails
 * Level 3.0 Armour
 - Level 1.0 Dodging
 - Level 1.1 Stealth
 - Level 1.1 Shields
 - Level 1.0 Spellcasting
 - Level 1.0 Transmutations


You had 7 spell levels left.
You knew the following spells:

 Your Spells              Type           Power      Damage    Failure   Level
a - Sting                 Tmut/Pois      8%         1d3       100%        1

Your spell library contained the following spells:

 Spells                   Type           Power      Damage    Failure   Level
 Ignite Poison            Fire/Tmut/Pois 1%         N/A       100%        3


Dungeon Overview and Level Annotations

Branches:
Dungeon (4/15)
 Temple: D:4-7

Altars:
Qazlal
Wu Jian
Xom

Shops:
D:2 :


Innate Abilities, Weirdness & Mutations

You are immune to sickness and miasma.
Your stone body is resilient. (AC +4)
You are immune to poison.
You resist negative energy. (rN+)
You are resistant to electric shocks. (rElec)
You are resistant to unholy torment.
You are immune to petrification.


Message History

Press: ? - help, Q - select action, (/) - cycle Shift-Dir - straight line, f - ogre
Aim: an ogre, wielding a +0 giant club (72% to hit, chance to blind on hit: 27%)
You throw an atropa-tipped dart. The atropa-tipped dart hits the ogre.
The ogre resists.
Throw: 2 darts (atropa)
Press: ? - help, Q - select action, (/) - cycle Shift-Dir - straight line, f/p - ogre
Aim: an ogre, wielding a +0 giant club (72% to hit, chance to blind on hit: 27%)
You throw an atropa-tipped dart. The atropa-tipped dart hits the ogre.
The ogre resists.
The ogre hits you with a +0 giant club!
Throw: dart (atropa)
Press: ? - help, Q - select action, (/) - cycle Shift-Dir - straight line, f/p - ogre
Aim: an ogre, wielding a +0 giant club (72% to hit, chance to blind on hit: 41%)
You throw an atropa-tipped dart. The atropa-tipped dart hits the ogre.
The ogre resists.
The ogre hits you but does no damage.
You hit the ogre but do no damage. You hit the ogre.
The ogre is lightly wounded.
The ogre hits you with a +0 giant club!
You hit the ogre.
The ogre is lightly wounded.
The ogre barely misses you.
You hit the ogre.
The ogre is moderately wounded.
The ogre hits you with a +0 giant club!
* * * LOW HITPOINT WARNING * * *
You barely miss the ogre.
The ogre is moderately wounded.
You hit the ogre.
The ogre is heavily wounded.
The ogre hits you but does no damage.
You sock the ogre!
The ogre is almost dead.
The ogre hits you with a +0 giant club!
* * * LOW HITPOINT WARNING * * *
You hit the ogre.
The ogre is almost dead.
The ogre hits you with a +0 giant club.
You die...

##### ##### ## ....#
##...#############.
....#
###..................
##..#
###.......##..........^
#..#
#....O@.†..######......
#.## .....(......#
#####.. #.#
.............# ##.....
#.# .............#
#...... #.#
.............# ##.....
#.# ............##
##....# ##.#
...........## ##...(##
#.## .....?...###
##...### #.# #...##


You could see an ogre.

Vanquished Creatures
  Grinder (D:3)
  Sigmund (D:2)
  An ogre (D:4)
  Crazy Yiuf (D:2)
  A jelly (D:4)
  Jessica (D:2)
  An iguana (D:3)
  3 adders
  2 worms (D:2)
  3 dart slugs
  8 ball pythons
  6 bats
  10 endoplasms
  3 giant cockroaches
  12 hobgoblins
  4 jackals
  4 quokkas
  2 frilled lizards (D:1)
  4 goblins
  12 kobolds
  4 rats
84 creatures vanquished.

Notes
Turn   | Place    | Note
-------+----------+-------------------------------------------
     0 | D:1      | greasedhog the Gargoyle Wanderer began the quest for the
                  | Orb.
     0 | D:1      | greasedhog set off with the following items: a +2 mace, a
                  | +0 buckler, a potion of brilliance, a +0 robe; and the
                  | following spell memorised: Sting; and the following spells
                  | available to memorise: Ignite Poison.
     0 | D:1      | Reached XP level 1. HP: 10/10 MP: 2/2
   363 | D:1      | Reached skill level 1 in Fighting
   363 | D:1      | Reached XP level 2. HP: 16/16 MP: 3/3
   974 | D:1      | Reached XP level 3. HP: 16/21 MP: 4/4
  1607 | D:2      | You fall into a shaft and drop 1 floor!
  1809 | D:3      | Reached XP level 4. HP: 27/27 MP: 5/5
  1947 | D:3      | Noticed Grinder
  1948 | D:3      | Paralysed by Grinder for 3 turns
  1955 | D:3      | Paralysed by Grinder for 3 turns
  1983 | D:3      | Paralysed by Grinder for 5 turns
  1991 | D:3      | HP: 1/27 [Grinder (1)]
  2006 | D:3      | Killed Grinder
  2007 | D:3      | Reached skill level 5 in Maces & Flails
  2007 | D:3      | Reached XP level 5. HP: 5/34 MP: 6/6
  2007 | D:3      | Reached XP level 6. HP: 5/39 MP: 7/7
  2484 | D:3      | Identified the +8 dagger "Waomm" {elec, rN+++ Will+ rCorr
                  | Int-4}
  2559 | D:3      | Found an ornate altar of the Wu Jian Council.
  2961 | D:2      | Identified the +1 ring mail "Zithuh" {Int+4 Dex+3}
  2965 | D:2      | Found Iqacij's Book Emporium.
  3052 | D:2      | Reached skill level 6 in Maces & Flails
  3056 | D:2      | Noticed Sigmund
  3066 | D:2      | Killed Sigmund
  3067 | D:2      | Reached skill level 5 in Fighting
  3067 | D:2      | Reached XP level 7. HP: 38/44 MP: 8/8
  3363 | D:2      | Found a stormy altar of Qazlal.
  3377 | D:2      | Became a worshipper of Qazlal Stormbringer
  3433 | D:2      | Found a runed translucent door.
  3434 | D:2      | Noticed Crazy Yiuf
  3478 | D:2      | Noticed Jessica
  3479 | D:2      | Found a faded altar of an unknown god.
  3493 | D:2      | Killed Jessica
  3844 | D:2      | HP: 1/44 [Crazy Yiuf/+3 quarterstaff of chaos (2)]
  3846 | D:2      | Killed Crazy Yiuf
  4862 | D:3      | Reached skill level 7 in Maces & Flails
  5052 | D:4      | Found a large runed translucent door.
  5052 | D:4      | Found a large runed translucent door.
  5053 | D:4      | Found a shimmering altar of Xom.
  5521 | D:4      | Slain by an ogre

Illustrated notes

Levels and vault maps discovered:
D:1:      giann_wishing_wells, layout_basic
D:2:      layout_loops_ring, basic_altar, serial_shops, shop,
          shapermc_ecumenical_altar_ellora, uniq_sigmund, uniq_jessica,
          uniq_crazy_yiuf_cottage
D:3:      layout_basic, nicolae_overflow_hidden_temple, uniq_grinder
D:4:      due_chaos_kobolds, layout_cave_pods, grunt_temple_overflow_open

Skill      XL: |  1  2  3  4  5  6  7 |
---------------+----------------------+-----
Fighting       | 1 2 4 5 |  5.2
Maces & Flails | 5 6 7 |  7.0
Armour         | 3 |  3.0
Dodging        | |  1.0
Stealth        | |  1.1
Shields        | |  1.1
Spellcasting   | |  1.0
Transmutations | |  1.0

Action                   |  1- 3 |  4- 6 |  7- 9 || total
-------------------------+-------+-------+-------++-------
Melee: Mace              |   112 |    60 |   109 ||   281
Throw: Dart              |       |     5 |     9 ||    14
  Use: Scroll            |     4 |     3 |     1 ||     8
       Potion            |       |     5 |       ||     5
Armor: Robe              |     5 |       |       ||     5
       Ring mail         |    32 |       |       ||    32
       Plate armour      |    11 |    35 |    58 ||   104
Dodge: Dodged            |    61 |    12 |    30 ||   103
Block: Buckler           |    13 |     2 |     8 ||    23
